 Dungeon Crawl Stone Soup version 0.25.0-15-gac7dcb8 (webtiles) character file.

Game seed: 7402379492768890627

72 vertexvortex the Chiller (level 4, -1/32 HPs)
             Began as a Human Ice Elementalist on June 28, 2020.
             Killed by nerve-wracking pain
             ... invoked by Grinder
              (9 damage)
             ... on level 3 of the Dungeon.
             The game lasted 00:08:45 (2320 turns).

vertexvortex the Chiller (Human Ice Elementalist)   Turns: 2320, Time: 00:08:46

Health: -1/32      AC:  3    Str:  9    XL:     4   Next: 48%
Magic:  3/7        EV: 12    Int: 16    God:
Gold:   113        SH:  0    Dex: 13    Spells: 3/7 levels left

rFire    + . .     SeeInvis .   q - +0 hunting sling (freeze)
rCold    + . .     Gourm    .   (no shield)
rNeg     . . .     Faith    .   a - +0 robe
rPois    +         Spirit   .   (no helmet)
rElec    +         Reflect  .   (no cloak)
rCorr    +         Harm     .   (no gloves)
MR       .....                  m - +0 pair of boots
Stlth    ++........             (no amulet)
HPRegen  0.10/turn              (no ring)
MPRegen  0.10/turn              (no ring)

@: resistant, stab, hasted, very quick
A: no striking features
a: no special abilities


You were on level 3 of the Dungeon.
You were not hungry.

You visited 1 branch of the dungeon, and saw 3 of its levels.

You collected 113 gold pieces.

Inventory:

Hand Weapons
 b - a +1 short sword of electrocution
 f - a +1 whip of venom
 h - a +4 mace
 l - a +0 antimagic war axe
 q - a +0 hunting sling of freezing (weapon)
Missiles
 n - 43 stones (quivered)
 o - 16 arrows
 s - 13 bolts
Armour
 a - a +0 robe (worn)
 m - a +0 pair of boots (worn)
Scrolls
 d - a scroll of remove curse {unknown}
 e - 6 scrolls of teleportation {unknown}
 k - 2 scrolls of identify {unknown}
Potions
 j - a potion of haste
Comestibles
 c - 5 rations
 r - 5 chunks of flesh


   Skills:
 * Level 1.6 Fighting
 - Level 2.0 Dodging
 - Level 2.0 Stealth
 - Level 2.0 Spellcasting
 + Level 5.3 Ice Magic


You had 3 spell levels left.
You knew the following spells:

 Your Spells              Type           Power        Failure   Level  Hunger
a - Freeze                Ice            ###.         2%          1    #......
b - Frozen Ramparts       Ice            ###...       7%          3    ###....

Your spell library contained the following spells:

 Spells                   Type           Power        Failure   Level  Hunger
 Ozocubu's Armour         Chrm/Ice       ##......     22%         3    ###....
 Hailstorm                Conj/Ice       ##......     56%         4    #####..
 Summon Ice Beast         Ice/Summ       ##......     56%         4    #####..


Dungeon Overview and Level Annotations

Branches:
Dungeon (3/15)

Altars:
Ashenzari
Makhleb

Annotations:
D:3 Grinder


Message History

It was a potion of resistance.
You feel protected.
n - 45 stones (gained 1)
n - 46 stones (gained 1) Firing (i - inventory)
n - 46 stones (quivered)
Press: ? - help, Shift-Dir - straight line, f/p - Grinder
Aim: Grinder (heavily wounded)
You shoot a stone. The stone barely misses Grinder.
Firing (i - inventory)
n - 45 stones (quivered)
Press: ? - help, Shift-Dir - straight line, f/p - Grinder
Aim: Grinder (heavily wounded)
You shoot a stone. The stone hits Grinder.
Grinder is severely wounded.
Firing (i - inventory)
n - 44 stones (quivered)
Press: ? - help, Shift-Dir - straight line, f/p - Grinder
Aim: Grinder (severely wounded)
You shoot a stone. The stone barely misses Grinder.
Grinder gestures at you. Pain shoots through your body!
You die...

........##.#.............
.#########..#...(........
.# #.#####.(....... ..
......#.(....... .#
#####.#(#####.## #.#5#
##.## #####.#.## #...
#.....#..# #..######
#.#####@.# #.......#
#....# #....<#
#.(.####.#####
#+####_.##.รท..#
.......(.#.#..#
.........).##.#
.....(...### .#
....(..>.. .# #........##
..


You could see Grinder.

Vanquished Creatures
  A worker ant (D:2)
  2 adders (D:3)
  2 giant cockroaches (D:3)
  6 goblins
  2 hobgoblins (D:1)
  2 jackals (D:3)
  3 kobolds
  3 bats (D:2)
  6 frilled lizards
  3 rats (D:2)
30 creatures vanquished.

Vanquished Creatures (others)
  A worm (D:2)
  A giant cockroach (D:2)
2 creatures vanquished.

Grand Total: 32 creatures vanquished

Notes
Turn   | Place    | Note
-------+----------+-------------------------------------------
     0 | D:1      | vertexvortex the Human Ice Elementalist began the quest for
                  | the Orb.
     0 | D:1      | Reached XP level 1. HP: 13/13 MP: 3/3
   708 | D:1      | Reached XP level 2. HP: 13/19 MP: 5/5
  1464 | D:2      | Reached skill level 1 in Fighting
  1464 | D:2      | Reached XP level 3. HP: 12/26 MP: 0/6
  1469 | D:2      | Learned a level 3 spell: Frozen Ramparts
  1694 | D:2      | Reached skill level 5 in Ice Magic
  2047 | D:3      | Found a shattered altar of Ashenzari.
  2054 | D:3      | Reached XP level 4. HP: 26/32 MP: 3/7
  2086 | D:3      | Noticed Grinder
  2197 | D:3      | Found a burning altar of Makhleb.
  2287 | D:3      | Paralysed by Grinder for 7 turns
  2292 | D:3      | HP: 1/32 [Grinder (7)]
  2302 | D:3      | Paralysed by Grinder for 5 turns
  2320 | D:3      | Killed from afar by Grinder

Illustrated notes

Levels and vault maps discovered:
D:1:      lightli_arrival_windingriver, layout_basic
D:2:      layout_rooms, grunt_ministairs_14, lemuel_flame_loot_1
D:3:      layout_basic, overflow_temple_1_default, makhleb_altar_promises_db,
          serial_co_window_serial, co_window_of_opportunity_a,
          co_window_corner_a, co_window_corner_a, co_window_paths_b,
          co_window_corner_a, co_window_cross_4, co_window_of_opportunity_c,
          co_window_cross_2, co_window_broadway_c, co_window_of_opportunity_c,
          co_window_broadway_b, glass_columns_c, minmay_box_of_dots,
          uniq_grinder

Skill      XL: |  1  2  3 |
---------------+----------+-----
Fighting       | 1 |  1.6
Ice Magic      | 5 |  5.3
Dodging        | |  2.0
Stealth        | |  2.0
Spellcasting   | |  2.0

Action                   |  1- 3 |  4- 6 || total
-------------------------+-------+-------++-------
Melee: Short sword       |    56 |     5 ||    61
 Fire: Hunting sling     |       |    16 ||    16
Throw: Stone             |     1 |       ||     1
 Cast: Freeze            |     9 |       ||     9
       Frozen Ramparts   |     2 |     5 ||     7
  Use: Potion            |     2 |     5 ||     7
 Stab: Sleeping          |     5 |       ||     5
  Eat: Chunk             |     3 |     2 ||     5
Armor: Robe              |     9 |     3 ||    12
       Skin              |    15 |       ||    15
Dodge: Dodged            |    30 |     4 ||    34
